 Dungeon Crawl Stone Soup version 0.28-a0-779-g3d1f99b579 (webtiles) character file.

Game seed: 11224144967435331364

59 AttackTheMoon the Sneak (level 3, -1/18 HPs)
             Began as a Spriggan Brigand on Nov 2, 2021.
             Slain by a wight (11 damage)
             ... on level 3 of the Dungeon.
             The game lasted 00:01:41 (2485 turns).

AttackTheMoon the Sneak (Spriggan Brigand)          Turns: 2485, Time: 00:01:41

Health: -1/18      AC:  3    Str:  7    XL:     3   Next: 78%
Magic:  4/4        EV: 17    Int: 12    God:
Gold:   76         SH:  0    Dex: 17    Spells: 2/2 levels left

rFire   . . .      SeeInvis +   a - +3 dagger
rCold   . . .      Faith    .   (shield restricted)
rNeg    . . .      Spirit   .   b - +0 robe
rPois   .          Reflect  .   (helmet restricted)
rElec   .          Harm     .   c - +0 cloak
rCorr   .          Rampage  .   (gloves unavailable)
Will    .....                   (boots unavailable)
Stlth   +++.......              (no amulet)
HPRegen 0.06/turn               (no ring)
MPRegen 0.09/turn               (no ring)

@: very quick
A: very small, no large weapons, unfitting armour, see invisible, speed 3
a: no special abilities


You were on level 3 of the Dungeon.
You visited 1 branch of the dungeon, and saw 3 of its levels.

You collected 76 gold pieces.

Inventory:

Hand Weapons
 a - a +3 dagger (weapon)
Missiles
 d - 8 poisoned darts (quivered)
 e - 2 curare-tipped darts
Armour
 b - a +0 robe (worn)
 c - a +0 cloak (worn)
Scrolls
 g - 2 scrolls of torment
Potions
 f - 2 potions of curing {unknown}
 j - a potion of might {unknown}


   Skills:
 + Level 2.2 Fighting
 + Level 2.9 Short Blades
 - Level 2.0 Throwing
 + Level 2.6 Dodging
 + Level 6.5 Stealth


You had 2 spell levels left.
You didn't know any spells.
Your spell library contained the following spells:

 Spells                   Type           Power      Damage    Failure   Level
 Static Discharge         Conj/Air       0%         N/A       45%         2
 Lightning Bolt           Conj/Air       0%         1d11      100%        5
 Maxwell's Capacitive Co  Air            0%         ∞         100%        8


Dungeon Overview and Level Annotations

Branches:
Dungeon (3/15)

Altars:


Innate Abilities, Weirdness & Mutations

You are very small and have problems with some larger weapons.
You are too small for most types of armour.
You have supernaturally acute eyesight. (SInv)
You cover ground extremely quickly. (Speed+++)


Message History

No target in view!
No target in view!
No target in view!
No target in view!
No target in view!
No target in view!
No target in view!
No target in view!
No target in view!
No target in view!
Found a ring mail.
A wight comes into view. It is wielding a +3 halberd.
A wight is nearby!
Found a spear.
A wight comes into view. It is wielding a +0 dire flail.
A wight comes into view.
It is wielding a +4 morningstar. 2 wights come into view.
The wight closely misses you.
Found 9 gold pieces.
You hit the wight.
The wight is moderately damaged.
The wight closely misses you.
You hit the wight.
The wight is heavily damaged.
You hit the wight but do no damage.
The wight is heavily damaged.
The wight hits you with a +3 halberd!
You barely miss the wight.
The wight is heavily damaged.
The wight closely misses you. The wight completely misses you.
You hit the wight.
The wight is severely damaged.
The wight misses you. x2
You barely miss the wight.
The wight is severely damaged.
You hit the wight.
The wight is almost destroyed.
The wight hits you with a +0 dire flail!
Ouch! That really hurt!
You die...

...####......... # #.#
#.#.###### .##)#####.#.#
#† ....##.....# #.
#..##.#.### #.
#.#####..##.#.# ## .
#.............#######.
#...#####...#.......<...
$..zzzz@....#.#.###....)
...#≈##z....#.#.# #.###.
###...#...# #. #.
≈...### # #. #. ≈##..#
.. .. ≈≈ #..# .. .. ≈≈
≈..# ... ..# .## ..


You could see 5 wights.

Vanquished Creatures
  A gnoll (D:1)
  An adder (D:2)
  A dart slug (D:2)
  6 ball pythons
  3 bats
  6 endoplasms
  A giant cockroach (D:1)
  3 goblins
  A hobgoblin (D:1)
  2 jackals (D:2)
  4 kobolds
  A quokka (D:2)
  A frilled lizard (D:1)
  3 rats
34 creatures vanquished.

Notes
Turn   | Place    | Note
-------+----------+-------------------------------------------
     0 | D:1      | AttackTheMoon the Spriggan Brigand began the quest for the
                  | Orb.
     0 | D:1      | Reached XP level 1. HP: 10/10 MP: 2/2
    99 | D:1      | Reached skill level 6 in Stealth
    99 | D:1      | Reached XP level 2. HP: 3/15 MP: 3/3
   638 | D:1      | Found a faded altar of an unknown god.
  1241 | D:1      | Reached XP level 3. HP: 14/18 MP: 4/4
  2485 | D:3      | Slain by a wight

Illustrated notes

Levels and vault maps discovered:
D:1:      dpeg_arrival_rhombus, layout_loops_ring,
          chequers_ecumenical_altar_island, serial_bayou_ford_a,
          minmay_door_square
D:2:      minmay_chambers_of_ones, layout_loops_ring, kennysheep_generic_room_4
D:3:      minmay_octagon_keep, layout_loops_ring, chequers_garden,
          minmay_misc_feat_more_columns, minivault_4, minmay_strange_pillars,
          mrwooster_statue_mirror

Skill      XL: |  1  2 |
---------------+-------+-----
Stealth        | 6 |  6.5
Dodging        | 2 |  2.6
Fighting       | 2 |  2.2
Short Blades   | |  2.9
Throwing       | |  2.0

Action                   || total
-------------------------++-------
Melee: Dagger            ||   118
  Use: Scroll            ||     3
 Stab: Sleeping          ||    16
Armor: Robe              ||     9
Dodge: Dodged            ||    82

Table legend: (Time is in decaauts)
 A = Elapsed time spent in this place.
 B = Non-inter-level travel time spent in this place.
 C = Inter-level travel time spent in this place.
 D = Time resting spent in this place.
 E = Time spent auto-exploring this place.
 F = Levels seen in this place.
 G = Mean time per level.
                   A        B        C        D        E       F      G
               +--------+--------+--------+--------+--------+-----+--------+
         Total |   1943 |   1925 |     18 |    546 |   1142 |   3 |  647.7 |
       Dungeon |   1943 |   1925 |     18 |    546 |   1142 |   3 |  647.7 |
               +--------+--------+--------+--------+--------+-----+--------+

Top non-repeatable levels by time:
     D:1: 1097 daAuts
     D:2: 814 daAuts
     D:3: 31 daAuts
